 Dungeon Crawl Stone Soup version 0.31-a0-948-gf5be29c462 (webtiles) character file.

Game seed: 12238424605211566486

16 BinkBink the Trooper (level 2, -2/24 HPs)
             Began as a Demonspawn Fighter on Oct 21, 2023.
             Slain by a gnoll
             ... wielding a +0 flail
              (9 damage)
             ... on level 2 of the Dungeon.
             The game lasted 00:00:42 (409 turns).

BinkBink the Trooper (Demonspawn Fighter)            Turns: 409, Time: 00:00:43

Health: -2/24      AC:  6    Str: 16    XL:     2   Next: 37%
Magic:  2/2        EV:  9    Int:  9    God:
Gold:   8          SH:  4    Dex: 12    Spells: 1/1 levels left

rFire   . . .        a - +0 long sword
rCold   . . .        c - +0 buckler
rNeg    . . .        b - +0 scale mail
rPois   .            (no helmet)
rElec   .            (no cloak)
rCorr   .            (no gloves)
SInv    .            (no boots)
Will    .....        (no amulet) Stlth
                     (no ring)
HPRegen 0.24/turn    (no ring)
MPRegen 0.08/turn

%: no passive effects
@: no status effects
A: demonic touch 1
a: no special abilities


You were on level 2 of the Dungeon.
You visited 1 branch of the dungeon, and saw 2 of its levels.

You collected 8 gold pieces.

Inventory:

Hand Weapons
 a - a +0 long sword (weapon)
Armour
 b - a +0 scale mail (worn)
 c - a +0 buckler (worn)
Scrolls
 e - 2 scrolls of identify {unknown}
Potions
 d - a potion of might
 f - a potion of mutation {unknown}
 g - a potion of resistance {unknown}


   Skills:
 + Level 3.1 Fighting
 * Level 2.1 Long Blades
 + Level 2.8 Armour
 + Level 0.5 Dodging
 + Level 2.8 Shields


You had one spell level left.
You didn't know any spells.
Your spell library was empty.

Dungeon Overview and Level Annotations

Branches:
Dungeon (1/15)

Altars:


Innate Abilities, Weirdness & Mutations

Your touch may inflict minor irresistible damage on your foes.


Message History

You are too injured to fight recklessly!
Unknown command.
The jackal attacks as it pursues you! The jackal barely misses you.
The jackal barely misses you. You block the jackal's attack.
The jackal attacks as it pursues you! The jackal completely misses you.
The jackal barely misses you.
You are too injured to fight recklessly!
You are too injured to fight recklessly!
You are too injured to fight recklessly!
You see here a +0 whip.
The jackal bites you but does no damage.
The jackal attacks as it pursues you! You block the jackal's attack.
The jackal attacks as it pursues you! The jackal closely misses you.
The jackal barely misses you. You block the jackal's attack.
The jackal bites you but does no damage.
The jackal attacks as it pursues you!
The jackal bites you but does no damage. x2
You slash the jackal!
You kill the jackal!
The jackal barely misses you.
You hit the jackal.
The jackal is heavily wounded.
The jackal bites you but does no damage.
The jackal closely misses you.
You hit the jackal but do no damage.
The jackal is heavily wounded.
The jackal bites you but does no damage.
You block the jackal's attack.
You hit the jackal.
You kill the jackal!
The jackal bites you but does no damage.
You hit the jackal.
You kill the jackal!
You barely miss the gnoll. The gnoll hits you with a +0 flail. x2
* * * LOW HITPOINT WARNING * * *
You hit the gnoll.
The gnoll is moderately wounded.
The gnoll hits you with a +0 flail!
You die...

..# ###.#.####### #. ..
#...#.# #. . +...#.### ##
..# #..g#...# #########
....#...###.######.......#
#.....###..............#
...##..h.########........#
## ####.########.<......#
#...g@............####
#########.........##..
###....†......
#........... +...........
#........... ........>....
#.##########.. #. #..


You could see a gnoll.

Vanquished Creatures
  2 goblins
  A hobgoblin (D:1)
  4 jackals (D:2)
  3 bats
  2 frilled lizards
  A kobold (D:1)
  2 rats
15 creatures vanquished.

Notes
Turn   | Place    | Note
-------+----------+-------------------------------------------
     0 | D:1      | BinkBink the Demonspawn Fighter began the quest for the
                  | Orb.
     0 | D:1      | Reached XP level 1. HP: 18/18 MP: 1/1
   200 | D:1      | You fall into a shaft and drop 1 floor!
   244 | D:2      | Found a faded altar of an unknown god.
   295 | D:2      | Gained mutation: Your touch may inflict minor irresistible
                  | damage on your foes. [demonic ancestry]
   295 | D:2      | Reached XP level 2. HP: 24/24 MP: 2/2
   409 | D:2      | Slain by a gnoll

Illustrated notes

Levels and vault maps discovered:
D:1:      ncdulo_wetmaze, layout_basic
D:2:      layout_basic, hellmonk_ecumenical_altar_heavens_door, basic_altar

Skill      XL: |  1 |
---------------+----+-----
Long Blades    | 2 |  2.1
Fighting       | |  3.1
Armour         | |  2.8
Dodging        | |  0.5
Shields        | |  2.8

Action                     || total
---------------------------++-------
  Melee: Long sword        ||    42
 Armour: Scale mail        ||    67
  Dodge: Dodged            ||    33
  Block: Buckler           ||    19

Table legend: (Time is in decaauts)
 A = Elapsed time spent in this place.
 B = Non-inter-level travel time spent in this place.
 C = Inter-level travel time spent in this place.
 D = Time resting spent in this place.
 E = Time spent auto-exploring this place.
 F = Levels seen in this place.
 G = Mean time per level.
                   A        B        C        D        E       F      G
               +--------+--------+--------+--------+--------+-----+--------+
         Total |    427 |    427 |      0 |      0 |    307 |   2 |  213.5 |
       Dungeon |    427 |    427 |      0 |      0 |    307 |   2 |  213.5 |
               +--------+--------+--------+--------+--------+-----+--------+

Top non-repeatable levels by time:
     D:2: 214 daAuts
     D:1: 212 daAuts
